 Dungeon Crawl Stone Soup version 0.30-a0-923-g828ccac5a3 (webtiles) character file.

Game seed: 15112327084035311895

5128 Morbidden the Chopper (level 10, -1/76 HPs)
             Began as a Demonspawn Fighter on Mar 22, 2023.
             Slain by a troll (11 damage)
             ... on level 9 of the Dungeon.
             The game lasted 00:09:19 (8490 turns).

Morbidden the Chopper (Demonspawn Fighter)          Turns: 8490, Time: 00:09:20

Health: -1/76      AC: 16    Str: 16    XL:     10   Next: 33%
Magic:  0/16       EV:  4    Int: 14    God:
Gold:   548        SH: 13    Dex: 10    Spells: 17/17 levels left

rFire   + + .      SeeInvis +    a - +4 war axe
rCold   + + .      Faith    .    c - +0 tower shield
rNeg    . . .      Spirit   +    x - +0 chain mail
rPois   +          Reflect  .    H - +1 hat {Stlth+}
rElec   .          Rampage  .    v - +2 cloak
rCorr   .                        (no gloves)
Will    .....                    r - +1 pair of boots of the Great Game {rF++ rC++ Dex-3} Stlth
                                 (no amulet)
HPRegen 0.32/turn                i - ring of poison resistance
MPRegen 0.30/turn                y - ring of see invisible

@: studying Polearms
A: hooves 2, foul stench 1, magic shield, magic regeneration
a: no special abilities


You were on level 9 of the Dungeon.
You visited 2 branches of the dungeon, and saw 10 of its levels.

You collected 578 gold pieces.
You spent 30 gold pieces at shops.

Inventory:

Hand Weapons
 a - a +4 war axe (weapon)
Missiles
 h - 11 boomerangs (quivered)
 k - 20 poisoned darts
 B - 4 javelins
 C - 3 throwing nets
Armour
 c - a +0 tower shield (worn)
 r - the +1 pair of boots of the Great Game (worn) {rF++ rC++ Dex-3}
   (You found it on level 4 of the Dungeon)

   Dex:       It affects your dexterity (-3).
   rF:        It greatly protects you from fire.
   rC:        It greatly protects you from cold.
 v - a +2 cloak (worn)
 x - a +0 chain mail (worn)
 H - a +1 hat of stealth (worn)
Jewellery
 i - a ring of poison resistance (left hand)
 y - a ring of see invisible (right hand)
Scrolls
 b - 3 scrolls of vulnerability {unknown}
 d - 3 scrolls of immolation
 e - 10 scrolls of identify
 f - 2 scrolls of fear {unknown}
 g - 2 scrolls of torment {unknown}
 j - a scroll of summoning {unknown}
 s - a scroll of poison {unknown}
 u - a scroll of teleportation
 w - 2 scrolls of enchant weapon {unknown}
 A - a scroll of amnesia {unknown}
 D - 2 scrolls of blinking {unknown}
 F - a scroll of magic mapping {unknown}
Potions
 l - a potion of ambrosia {unknown}
 m - a potion of degeneration {unknown}
 n - a potion of flight {unknown}
 p - 2 potions of brilliance {unknown}
 q - a potion of haste {unknown}
 t - a potion of lignification {unknown}
 z - 4 potions of curing
 E - a potion of cancellation {unknown}
 G - a potion of mutation {unknown}


   Skills:
 * Level 6.2 Fighting
 * Level 7.9(8.5) Axes
 * Level 4.8(7.0) Polearms
 + Level 1.2 Throwing
 * Level 5.6 Armour
 * Level 4.0 Dodging
 + Level 0.4 Stealth
 * Level 6.1 Shields
 * Level 4.0 Spellcasting


You had 17 spell levels left.
You didn't know any spells.
Your spell library contained the following spells:

 Spells                   Type           Power      Damage    Failure   Level
 Kiss of Death            Conj/Necr      8%         2d6       100%        1
 Summon Small Mammal      Summ           8%         N/A       100%        1
 Call Canine Familiar     Summ           2%         N/A       100%        3
 Confusing Touch          Hex            2%         N/A       100%        3
 Portal Projectile        Hex/Tloc       4%         N/A       100%        3
 Summon Guardian Golem    Hex/Summ       2%         N/A       100%        3
 Animate Dead             Necr           2%         N/A       100%        4
 Dispel Undead            Necr           2%         3d7       100%        4
 Leda's Liquefaction      Hex/Erth       1%         N/A       100%        4
 Freezing Cloud           Conj/Ice/Air   1%         6-21      100%        5
 Simulacrum               Ice/Necr       1%         N/A       100%        6
 Haunt                    Necr/Summ      1%         N/A       100%        7
 Infestation              Necr           1%         N/A       100%        8
 Polar Vortex             Ice            1%         N/A       100%        9


Dungeon Overview and Level Annotations

Branches:
Dungeon (9/15)             Temple (1/1) D:5            Lair (0/5) D:9
    Orc: D:9-12

Altars:
Ashenzari
Dithmenos
Gozag
Hepliaklqana
Kikubaaqudgha
Makhleb
Nemelex Xobeh
Okawaru
Qazlal
Sif Muna
Trog
Uskayaw
Vehumet
Wu Jian
Xom

Shops:
D:5 *

Annotations:
D:2 1 runed translucent door, Crazy Yiuf


Innate Abilities, Weirdness & Mutations

You have hoof-like feet.
You may rarely emit foul miasma when damaged in melee.
When hurt, damage is shared between your health and your magic reserves.
You regenerate magic rapidly.


Message History

You are too injured to fight recklessly!
Unknown command.
You are too injured to fight recklessly!
Unknown command.
You are too injured to fight recklessly!
Unknown command.
You are too injured to fight recklessly!
Unknown command.
You closely miss the troll.
The troll is heavily wounded.
You hit the killer bee but do no damage.
You miss the killer bee.
You feel sick. You block the killer bee's attack. The killer bee stings you.
You block the killer bee's attack. The killer bee stings you.
The troll bites you!
* * * LOW HITPOINT WARNING * * *
The troll completely misses you. The troll claws you.
* * * LOW HITPOINT WARNING * * *
You block the killer bee's attack. The killer bee barely misses you.
The troll bites you.
* * * LOW HITPOINT WARNING * * *
The troll barely misses you. The troll claws you.
* * * LOW HITPOINT WARNING * * *
You barely miss the troll.
The troll is heavily wounded.
You miss the killer bee. You hit the killer bee.
You feel sick.
You are no longer poisoned.
You block the killer bee's attack. x2
The killer bee stings you but does no damage.
You block the killer bee's attack. The troll bites you but does no damage.
The troll barely misses you. You block the troll's attack.
The killer bee stings you but does no damage. x2
You slice the troll!!
The troll is almost dead.
You barely miss the killer bee. You miss the killer bee.
You block the killer bee's attack.
The killer bee stings you but does no damage. x3
You block the troll's attack. The troll barely misses you. The troll claws you.
* * * LOW HITPOINT WARNING * * *
The troll bites you!
You die... ~.≈≈~.~. ...........##.# #..### ~y~≈~~.. ####.......##.## ###.### ≈T~≈~... #####.......# #.#...# ~hy≈≈~~. #....#.## #...... hyy~~≈~. ## ##...#.# ##..... hhSyS≈≈~

.. ##...##
##.... h..~~≈≈~
#. ##.#.# #####
....~≈≈≈
#..###.[..#
.>..~≈≈≈
#.y@#..#.#
...~~≈≈≈
#....##yT...##
~.~.≈≈≈≈ ###
.##h##..'..# ..
.#.##..##.#
...###.....## #
..........# .
#...#.#.##
.######...#..###
###
...###......#.##
##.#


You could see a troll, a hound and 2 killer bees.

Vanquished Creatures
  Gastronok (D:8)
  Psyche (D:8)
  Sigmund (D:2)
  2 wyverns
  2 steam dragons
  Menkaure (D:6)
  3 water moccasins
  2 black bears
  An ice beast (D:8)
  An orc warrior (D:8)
  2 sky beasts
  An ogre (D:5)
  A wolf (D:9)
  2 centaurs
  A phantom (D:4)
  4 bullfrogs
  4 scorpions
  8 wights
  5 killer bees
  A gnoll bouda (D:8)
  2 sleepcaps
  3 hounds
  4 iguanas
  3 orc wizards (D:5)
  Robin (D:2)
  8 gnolls
  5 adders
  3 white imps
  3 ufetubi
  3 worms
  4 dart slugs
  26 orcs
  5 bats
  6 endoplasms
  A giant cockroach (D:4)
  5 goblins
  10 hobgoblins
  4 jackals (D:2)
  2 quokkas
  3 ball pythons
  3 frilled lizards (D:3)
  4 kobolds (D:3)
  3 rats
155 creatures vanquished.

Vanquished Creatures (others)
  5 toadstools (D:6)
5 creatures vanquished.

Grand Total: 160 creatures vanquished

Notes
Turn   | Place    | Note
-------+----------+-------------------------------------------
     0 | D:1      | Morbidden the Demonspawn Fighter began the quest for the
                  | Orb.
     0 | D:1      | Reached XP level 1. HP: 18/18 MP: 1/1
   333 | D:1      | Gained mutation: You regenerate magic rapidly. [demonic
                  | ancestry]
   333 | D:1      | Reached XP level 2. HP: 24/24 MP: 2/2
   719 | D:2      | Noticed Robin
   728 | D:2      | Reached skill level 2 in Axes
   741 | D:2      | Killed Robin
   744 | D:2      | Gained mutation: When hurt, damage is shared between your
                  | health and your magic reserves. [demonic ancestry]
   744 | D:2      | Reached XP level 3. HP: 21/29 MP: 3/3
   813 | D:2      | Identified the +1 leather armour of the Bespelling Gods
                  | {rC+}
  1371 | D:2      | Noticed Sigmund
  1409 | D:2      | Killed Sigmund
  1410 | D:2      | Reached skill level 3 in Axes
  1410 | D:2      | Reached skill level 1 in Polearms
  1410 | D:2      | Reached skill level 1 in Dodging
  1410 | D:2      | Reached skill level 1 in Spellcasting
  1410 | D:2      | Reached XP level 4. HP: 13/37 MP: 2/5
  1410 | D:2      | Reached XP level 5. HP: 15/42 MP: 2/6
  1610 | D:2      | Found a runed translucent door.
  1611 | D:2      | Noticed Crazy Yiuf
  2008 | D:3      | You fall into a shaft and drop 1 floor!
  2017 | D:4      | Noticed a phantom
  2040 | D:4      | Killed a phantom
  2041 | D:4      | Gained mutation: You have large cloven feet. [demonic
                  | ancestry]
  2041 | D:4      | Reached XP level 6. HP: 41/48 MP: 5/7
  2049 | D:4      | Identified the +1 pair of boots of the Great Game {rF++
                  | rC++ Dex-3}
  2249 | D:4      | Found an iron altar of Okawaru.
  3109 | D:5      | Entered Level 5 of the Dungeon
  3434 | D:5      | Found Koway's CLEARANCE SALE!.
  3438 | D:5      | Bought 2 javelins for 30 gold pieces
  3493 | D:5      | Reached XP level 7. HP: 32/55 MP: 7/9
  3627 | D:5      | Reached skill level 4 in Axes
  3708 | D:5      | Found a staircase to the Ecumenical Temple.
  3762 | Temple   | Entered the Ecumenical Temple
  3932 | D:5      | Noticed a steam dragon
  3951 | D:5      | Killed a steam dragon
  3952 | D:5      | Reached skill level 1 in Throwing
  4388 | D:6      | Gained mutation: You may rarely emit foul miasma when
                  | damaged in melee. [demonic ancestry]
  4388 | D:6      | Reached XP level 8. HP: 28/61 MP: 11/11
  4618 | D:6      | Noticed Menkaure
  4628 | D:6      | Killed Menkaure
  4637 | D:6      | Reached skill level 5 in Axes
  5195 | D:7      | Reached skill level 5 in Fighting
  5572 | D:7      | Found a burning altar of Makhleb.
  5723 | D:7      | Reached skill level 6 in Axes
  5727 | D:7      | Gained mutation: You have hoof-like feet. [demonic
                  | ancestry]
  5727 | D:7      | Reached XP level 9. HP: 16/68 MP: 4/12
  5794 | D:7      | Reached skill level 5 in Shields
  6170 | D:8      | Noticed Gastronok
  6660 | D:8      | Found a hazy altar of Hepliaklqana.
  6941 | D:8      | Noticed Psyche
  6971 | D:8      | Killed Psyche
  7017 | D:8      | Reached skill level 5 in Armour
  7218 | D:8      | Reached skill level 7 in Axes
  7275 | D:8      | Killed Gastronok
  7276 | D:8      | Reached XP level 10. HP: 46/76 MP: 11/15
  8212 | D:9      | Found a staircase to the Lair.
  8490 | D:9      | Slain by a troll

Illustrated notes

Levels and vault maps discovered:
D:1:      lemuel_arrival_behind_the_door_large, layout_loops_ring
D:2:      layout_basic, bh_walls_and_bars, uniq_sigmund,
          uniq_crazy_yiuf_cottage, uniq_robin
D:3:      wander_river, layout_basic, kennysheep_potato
D:4:      layout_rooms, kennysheep_little_box
D:5:      layout_basic, minmay_temple_entry_mini_moons, nicolae_shop_clearance
D:6:      layout_rooms, minmay_gold_behind_fungi, grunt_ministairs_2,
          uniq_menkaure
D:7:      layout_loops_cross, makhleb_heckhound_becter, serial_rivers,
          chequers_serial_rivers_room_b, chequers_serial_rivers_micro_e,
          chequers_serial_rivers_micro_a, chequers_serial_rivers_small_a,
          chequers_serial_rivers_room_a, moated_statue
D:8:      layout_loops_corners, lemuel_round_altar, lightli_minifort,
          uniq_gastronok, uniq_psyche
D:9:      layout_rooms, mainiacjoe_overflow_catwalk,
          chequers_temple_overflow_minitemple, erik_lair_island,
          minmay_misc_feat_ornament, minmay_joined_circles
Temple:   jpeg_temple_clearing

Skill      XL: |  1  2  3  4  5  6  7  8  9 10 |
---------------+-------------------------------+-----
Axes           | 2 3 4 6 7 |  7.9
Polearms       | 1 2 3 4 |  4.8
Armour         | 3 4 5 |  5.6
Dodging        | 1 2 3 4 |  4.0
Shields        | 3 4 6 |  6.1
Spellcasting   | 1 2 3 4 |  4.0
Fighting       | 4 5 6 |  6.2
Throwing       | 1 |  1.2
Stealth        | |  0.4

Action                     |  1- 3 |  4- 6 |  7- 9 | 10-12 || total
---------------------------+-------+-------+-------+-------++-------
  Melee: War axe           |    98 |   173 |   354 |    87 ||   712
         Kick              |       |     1 |       |       ||     1
  Throw: Dart              |     6 |     5 |    17 |       ||    28
         Boomerang         |       |       |     4 |       ||     4
    Use: Potion            |     3 |       |     1 |       ||     4
         Scroll            |       |       |       |     3 ||     3
   Stab: Invisible         |     1 |       |     2 |       ||     3
 Armour: Scale mail        |    60 |    35 |       |       ||    95
         Chain mail        |       |    72 |   311 |    91 ||   474
  Dodge: Dodged            |    37 |    36 |    64 |    26 ||   163
  Block: Tower shield      |    73 |   148 |   308 |   104 ||   633
         Buckler           |     3 |       |       |       ||     3

Table legend: (Time is in decaauts)
 A = Elapsed time spent in this place.
 B = Non-inter-level travel time spent in this place.
 C = Inter-level travel time spent in this place.
 D = Time resting spent in this place.
 E = Time spent auto-exploring this place.
 F = Levels seen in this place.
 G = Mean time per level.
                   A        B        C        D        E       F      G
               +--------+--------+--------+--------+--------+-----+--------+
         Total |   8935 |   8613 |    322 |    437 |   6291 |  10 |  893.5 |
       Dungeon |   8811 |   8501 |    310 |    437 |   6192 |   9 |  979.0 |
        Temple |    124 |    112 |     12 |      0 |     99 |   1 |  124.0 |
               +--------+--------+--------+--------+--------+-----+--------+

Top non-repeatable levels by time:
     D:8: 1743 daAuts
     D:2: 1302 daAuts
     D:7: 1294 daAuts
     D:5: 1120 daAuts
     D:6: 934 daAuts
     D:3: 845 daAuts
     D:1: 661 daAuts
     D:4: 478 daAuts
     D:9: 430 daAuts
  Temple: 124 daAuts
